AoeStats
← Esglm

Scandinavia

510564205Analyzed
1v1 RM · 1d ago on Oct 1, 2026· 46m 18s· 2 players
Game mode
Random Map
Map size
Tiny (2 player)
Population
200
Speed
Normal
Resources
Standard
Victory
Conquest
Starting age
Dark Age
Ending age
Imperial Age
RankedLock teamsTeams togetherTeam positionsShared explorationLock speedFull tech treeHidden civsTurbo modeCheats
Victory
Defeat
🇦🇷 Lithuanians · Argentina
902
+15
🇹🇷 Franks · Türkiye
888
-15
Esglm
3:32 Loom
11:17 Feudal Age
11:43 Double-Bit Axe
17:04 Scale Barding Armor
21:06 Castle Age
20:23 Gold Mining
21:55 Husbandry
25:22 Gold Shaft Mining
26:52 Wheelbarrow
26:32 Bow Saw
28:16 Stone Mining
30:51 Hand Cart
34:40 Imperial Age
32:26 Pikeman
33:07 Squires
34:39 Chain Barding Armor
34:31 Forging
34:25 Fishing Lines
35:26 Halberdier
36:17 Gillnets
35:59 Cavalier
37:41 Conscription
38:42 Murder Holes
38:28 Treadmill Crane
39:10 Ballistics
39:52 Elite Throwing Axeman
40:03 Elite Skirmisher
42:28 Padded Archer Armor
42:18 Fletching
43:04 Plate Barding Armor
43:05 Iron Casting
44:53 Paladin
Hipster_Moses
7:32 Loom
12:02 Feudal Age
12:32 Town Watch
16:10 Castle Age
15:36 Double-Bit Axe
15:50 Horse Collar
24:09 Bow Saw
27:08 Wheelbarrow
31:03 Imperial Age
28:34 Gold Mining
30:54 Hand Cart
30:20 Pikeman
31:00 Squires
33:09 Halberdier
37:23 Bloodlines
37:13 Husbandry
36:33 Cavalier
37:20 Scale Barding Armor
37:25 Forging
37:06 Fletching
37:33 Redemption
38:10 Conscription
39:16 Chemistry
38:37 Ballistics
38:29 Masonry
38:41 Chain Barding Armor
39:46 Bodkin Arrow
40:28 Iron Casting
40:41 Town Patrol
40:58 Paladin
45:39 Plate Barding Armor
Connection lost

Rejoining the realm…

Still unreachable

The connection could not be restored.

Session expired

The server has moved on; the page needs a fresh start.